 Dungeon Sprint DCSS version 0.21.1-1-g345015f (webtiles) character file.

1481 sanboga the Cleaver (level 8, -2/59 HPs)
             Began as a Gargoyle Berserker on Mar 15, 2018.
             Was an Elder of Trog.
             Slain by a polar bear (15 damage)
             ... in the Dungeon (Sprint II: "The Violet Keep of Menkaure").
             The game lasted 00:03:02 (744 turns).

sanboga the Cleaver (Gargoyle Berserker)             Turns: 744, Time: 00:03:03

Health: -2/59      AC: 24    Str: 23    XL:     8   Next: 79%
Magic:  8/8        EV:  7    Int:  8    God:    Trog [****..]
Gold:   197        SH:  0    Dex:  9    Spells: 7/7 levels left

rFire    . . .     SeeInvis .   a - +0 hand axe
rCold    . . .     Gourm    .   (no shield)
rNeg     + + .     Faith    .   c - +4 plate armour of the Blizzard {rPois rN+}
rPois    ∞         Spirit   .   (no helmet)
rElec    +         Reflect  .   (no cloak)
rCorr    .         Harm     .   (no gloves)
MR       .....     NoTele   +   (no boots)
Stlth    ..........             (no amulet)
HPRegen  0.19/turn              (no ring)
MPRegen  0.11/turn              (no ring)

@: berserk cooldown, slowed, very slow
A: negative energy resistance 1, electricity resistance, unbreathing,
petrification resistance, rot immunity, AC +5
a: Berserk, Trog's Hand, Brothers in Arms, Burn Spellbooks, Renounce Religion


You were in the Dungeon.
You worshipped Trog.
Trog was greatly pleased with you.
You were not hungry.

You visited 1 branch You collected 729 gold pieces.
You spent 532 gold pieces at shops.

Inventory:

Hand Weapons
 a - a +0 hand axe (weapon)
Armour
 c - the +4 plate armour of the Blizzard (worn) {rPois rN+}
   (You bought it in a shop in the Dungeon)

   It protects you from poison.
   It protects you from negative energy.
Scrolls
 i - a scroll of blinking
Potions
 d - 2 potions of curing
 e - a potion of heal wounds
 f - a potion of haste
 g - 2 potions of magic
 h - a potion of berserk rage


   Skills:
 + Level 10.9 Fighting
 * Level 12.4 Axes
 + Level 10.6 Armour
 - Level 1.5 Dodging


You had 7 spell levels left.
You didn't know any spells.

Dungeon Overview and Level Annotations

Branches:
Dungeon (1/1)

Altars:
Dithmenos
Elyvilon
Fedhas
Gozag
Kikubaaqudgha
Makhleb
Nemelex Xobeh
Okawaru
Qazlal
Ru
Sif Muna
Trog
Uskayaw
Vehumet
Wu Jian
Xom
Yredelemnul
Zin
The Shining One
Jiyva
Lugonu

Shops:
D ?:(}!(![[===[%[:

Annotations:
D exclusions: obsidian statue and oklob plant


Innate Abilities, Weirdness & Mutations

You are resistant to torment.
Your stone body is resilient. (AC +5)
You are immune to poison.
You resist negative energy. (rN+)
You are resistant to electric shocks. (rElec)
You can survive without breathing.
You are immune to petrification.
You are immune to rotting.


Message History

The polar bear bites you but does no damage.
The polar bear barely misses you.
The polar bear claws you but does no damage.
The hornet barely misses you. The polar bear barely misses you. x2
The polar bear claws you but does no damage.
You slash the hornet!
The hornet is heavily wounded.
You hit the polar bear.
The hornet stings you but does no damage.
The polar bear barely misses you. The polar bear claws you.
* * * LOW HITPOINT WARNING * * *
The polar bear claws you.
* * * LOW HITPOINT WARNING * * *
The hornet stings you but does no damage.
You hit the hornet but do no damage.
The hornet is heavily wounded.
You hit the polar bear. The polar bear closely misses you.
The polar bear claws you but does no damage. x2
The hornet barely misses you. The polar bear bites you!
You die...

## #. .##.#### +.###
..# ...# ...####
.####..## #..##$#
###.##..# +..#.c#
##..##..# #..#yh#
.(.##'..####^.##@# ##.#
#....###...##▓▓
###.##......§≈≈≈≈≈≈≈≈≈≈
.####≈≈.....≈#+########
..#≈≈≈§§≈§§.≈#..._._._#
w##≈≈§§§≈§≈§§#_._._._.#
##≈≈≈≈≈§≈≈≈≈≈#._._._._#
≈≈≈≈≈≈§≈≈≈≈≈≈#_._._._.#
+++#≈≈≈§≈≈≈≈≈#._._._..#


You could see a polar bear (berserk), a yaktaur and a hornet.

Vanquished Creatures
  2 polar bears (D)
  Menkaure (D)
  4 neqoxecs (D)
  4 necrophages (D)
  4 worker ants (D)
15 creatures vanquished.

Vanquished Creatures (others)
  A crocodile (D)
1 creature vanquished.

Grand Total: 16 creatures vanquished

Notes
Turn   | Place    | Note
-------+----------+-------------------------------------------
     0 | D        | sanboga the Gargoyle Berserker began the quest for the Orb.
     0 | D        | Reached XP level 1. HP: 14/14 MP: 1/1
     1 | D        | Noticed a worker ant
     1 | D        | Noticed a worker ant
     7 | D        | Killed a worker ant
     7 | D        | Reached skill level 4 in Axes
     7 | D        | Reached XP level 2. HP: 20/20 MP: 2/2
     7 | D        | Reached XP level 3. HP: 24/24 MP: 3/3
     9 | D        | Reached skill level 5 in Fighting
     9 | D        | Reached skill level 5 in Axes
    28 | D        | Killed a crocodile
    57 | D        | Reached ** piety under Trog
    57 | D        | Reached XP level 4. HP: 18/31 MP: 4/4
   188 | D        | Reached skill level 6 in Axes
   188 | D        | Reached skill level 5 in Armour
   278 | D        | Noticed a necrophage
   278 | D        | Noticed a necrophage
   278 | D        | Noticed a necrophage
   278 | D        | Noticed a necrophage
   285 | D        | Killed a necrophage
   285 | D        | Reached skill level 7 in Axes
   285 | D        | Reached XP level 5. HP: 37/37 MP: 5/5
   290 | D        | Killed a necrophage
   290 | D        | Reached skill level 8 in Axes
   290 | D        | Reached XP level 6. HP: 44/44 MP: 6/6
   295 | D        | Killed a necrophage
   295 | D        | Reached *** piety under Trog
   295 | D        | Reached skill level 9 in Axes
   305 | D        | Killed a necrophage
   305 | D        | Reached XP level 7. HP: 41/50 MP: 7/7
   351 | D        | Noticed a neqoxec
   351 | D        | Noticed a neqoxec
   351 | D        | Noticed a neqoxec
   351 | D        | Noticed a neqoxec
   365 | D        | Killed a neqoxec
   365 | D        | Reached skill level 10 in Axes
   372 | D        | Killed a neqoxec
   372 | D        | Received a gift from Trog
   376 | D        | Killed a neqoxec
   376 | D        | Reached skill level 11 in Axes
   378 | D        | Killed a neqoxec
   378 | D        | Reached **** piety under Trog
   378 | D        | Reached skill level 10 in Fighting
   378 | D        | Reached XP level 8. HP: 28/57 MP: 8/8
   550 | D        | Noticed a tyrant leech
   550 | D        | Noticed a tyrant leech
   559 | D        | Found Pachuny's Antique Armour Boutique.
   559 | D        | Found Naqum's Armour Boutique.
   559 | D        | Found Beaf Doc's Jewellery Shop.
   560 | D        | Found Haova's Book Shop.
   560 | D        | Found Teyl's Jewellery Shop.
   560 | D        | Found Xerikly's Jewellery Boutique.
   560 | D        | Found Reshra Qiecs's Antique Armour Shop.
   560 | D        | Found Qunkekk's Antique Armour Boutique.
   561 | D        | Found Kobigrop's Weapon Boutique.
   561 | D        | Found Genice's Distillery.
   561 | D        | Noticed a great orb of eyes
   562 | D        | Found Qiohyk's Food Shop.
   562 | D        | Found Muhyjou's Distillery.
   563 | D        | Found Xoep's Gadget Boutique.
   563 | D        | Found Vekytatu's Antique Weapon Shop.
   563 | D        | Noticed Menkaure
   563 | D        | Noticed an oklob plant
   564 | D        | Found Coyrhom's Book Shoppe.
   564 | D        | Found Vadimp's Magic Scroll Boutique.
   566 | D        | Noticed a hell hog
   572 | D        | Noticed a polar bear
   587 | D        | Killed Menkaure
   587 | D        | Reached skill level 10 in Armour
   593 | D        | Bought an ancient plate armour for 532 gold pieces
   603 | D        | Identified the +4 plate armour of the Blizzard {rPois rN+} (You bought it in a shop in the Dungeon)
   615 | D        | Noticed a polar bear
   628 | D        | Noticed a blink frog
   677 | D        | Noticed an obsidian statue
   692 | D        | Found a glowing golden altar of the Shining One.
   692 | D        | Found an ornate altar of the Wu Jian Council.
   692 | D        | Found a stormy altar of Qazlal.
   693 | D        | Found a shimmering altar of Xom.
   693 | D        | Found a sacrificial altar of Ru.
   694 | D        | Found a basalt altar of Yredelemnul.
   694 | D        | Found a deep blue altar of Sif Muna.
   694 | D        | Found a viscous altar of Jiyva.
   695 | D        | Found a glowing silver altar of Zin.
   695 | D        | Found a bloodstained altar of Trog.
   695 | D        | Found an ancient bone altar of Kikubaaqudgha.
   696 | D        | Found a hide-covered altar of Uskayaw.
   696 | D        | Found a corrupted altar of Lugonu.
   696 | D        | Found a shadowy altar of Dithmenos.
   709 | D        | Found a radiant altar of Vehumet.
   709 | D        | Found a burning altar of Makhleb.
   709 | D        | Found a white marble altar of Elyvilon.
   710 | D        | Found a sparkling altar of Nemelex Xobeh.
   710 | D        | Found a blossoming altar of Fedhas.
   711 | D        | Found an iron altar of Okawaru.
   711 | D        | Found an opulent altar of Gozag.
   712 | D        | Noticed a yaktaur
   712 | D        | Noticed a hornet
   712 | D        | Noticed a polar bear
   713 | D        | Noticed a polar bear
   726 | D        | Killed a polar bear
   726 | D        | Reached skill level 12 in Axes
   727 | D        | Noticed a polar bear
   742 | D        | Killed a polar bear
   744 | D        | Slain by a polar bear

Skill      XL: |  1  2  3  4  5  6  7  8 |
---------------+-------------------------+-----
Fighting       | 4 5 6 7 8 10 | 10.9
Axes           | 4 5 7 8 9 11 12 | 12.4
Armour         | 3 4 6 7 8 9 10 | 10.6
Dodging        | |  1.5

Action                   |  1- 3 |  4- 6 |  7- 9 || total
-------------------------+-------+-------+-------++-------
Melee: Hand axe          |    13 |    32 |    82 ||   127
Invok: Berserk           |     1 |     1 |     2 ||     4
  Eat: Ration            |       |       |     1 ||     1
Armor: Animal skin       |     2 |     5 |     2 ||     9
       Plate armour      |       |       |    83 ||    83
Dodge: Dodged            |     7 |     9 |    63 ||    79
